Selects Luftwaffe Battlegroup
Selects Luftwaffe Pioneer Support
Fallschirmpioneer Squad Paradrop
Fallschirmpioneer Squad Paradrop
Construct Infanterie Kompanie
Construct Panzergrenadier Kompanie
Selects Flak 38 Anti-Air Emplacement
Selects Stuka Strafing Run
Fallschirmpioneer Squad Paradrop
Pak 40 Anti-tank Gun Team
Selects Fallschirmjäger Squad Paradrop
Fallschirmjäger Squad Paradrop
Selects Flak 36 Anti-tank Gun Emplacement
Fallschirmjäger Squad Paradrop
Fallschirmjäger Squad Paradrop
Selects Fragmentation Bombs
Panzergrenadier Officer Quarters
Infanterie Officer Quarters